 Dungeon Crawl Stone Soup version 0.25.1-2-g60ff931df9 (webtiles) character file.

Game seed: 5790149373515603322

36552 moonlapse the Warrior (level 13, -9/189 HPs)
             Began as a Purple Draconian Assassin on Oct 3, 2020.
             Was the Champion of Okawaru.
             Mangled by a minotaur
             ... wielding the +6 flail of the Several Yaks {vorpal, *Slow rN+ Dex+4}
              (10 damage)
             ... in a Gauntlet.
             The game lasted 00:39:39 (22127 turns).

moonlapse the Warrior (Purple Draconian Assassin)  Turns: 22127, Time: 00:39:39

Health: -9/189     AC: 15    Str: 18    XL:     13   Next: 53%
Magic:  9/9        EV: 14    Int: 16    God:    Okawaru [******]
Gold:   407        SH: 12    Dex: 18    Spells: 12/12 levels left

rFire    x . .     SeeInvis .   O - +4 scimitar of the Doomed Warrior {antimagic, rF- rC+ rN+++ MP+9}
rCold    + + .     Gourm    .   u - +2 kite shield {rC+}
rNeg     + + +     Faith    .   (armour unavailable)
rPois    .         Spirit   .   (helmet restricted)
rElec    .         Reflect  .   d - +2 cloak {MR+}
rCorr    +         Harm     .   m - +2 pair of gloves
MR       ++...     NoTele   +   K - +0 pair of boots of Okawaru's Pride {rCorr Str+5 Dex+4}
Stlth    ..........             w - amulet of the acrobat
HPRegen  0.41/turn              g - ring of resist corrosion
MPRegen  0.11/turn              t - +4 ring of slaying

@: berserking, very slightly contaminated, hasted, invisible, very quick
A: breathe power, unfitting armour, cold-blooded, AC +8
a: Breathe Dispelling Energy, Heroism, Finesse, Renounce Religion


You were in a Gauntlet.
You worshipped Okawaru.
Okawaru was exalted by your worship.
You were not hungry.

You visited 3 branches of the dungeon, and saw 18 of its levels.
You also visited: Gauntlet.

You collected 1209 gold pieces.
You spent 802 gold pieces at shops.

Inventory:

Hand Weapons
 a - a +2 dagger
 b - a +0 scimitar of holy wrath
   (You took it off Maggie on level 9 of the Dungeon)
 E - a +4 scimitar of flaming
   (You took it off an efreet on level 13 of the Dungeon)
 O - the +4 scimitar of the Doomed Warrior (weapon) {antimagic, rF- rC+ rN+++ MP+9}
   (You found it on level 12 of the Dungeon)

   It reduces the magical energy of the wielder, and disrupts the spells and
   magical abilities of those hit.
   Natural abilities and divine invocations are not affected.
   It makes you vulnerable to fire.
   It protects you from cold.
   It renders you almost immune to negative energy.
   It affects your magic capacity (+9).
Missiles
 S - 2 silver javelins (quivered)
Armour
 d - a +2 cloak of magic resistance (worn)
   (You took it off Maurice on level 8 of the Dungeon)
 m - a +2 pair of gloves (worn)
   (You found it on level 1 of the Dungeon)
 u - a +2 kite shield of cold resistance (worn)
   (You found it in a Gauntlet)
 F - a +0 buckler of reflection
   (Okawaru gifted it to you in a Gauntlet)
 K - the +0 pair of boots of Okawaru's Pride (worn) {rCorr Str+5 Dex+4}
   (Okawaru gifted it to you on level 12 of the Dungeon)

   It affects your strength (+5).
   It affects your dexterity (+4).
   It provides partial protection from all sources of acid and corrosion.
 U - a +0 tower shield
   (You found it on level 3 of the Lair of Beasts)
Jewellery
 g - a ring of resist corrosion (left hand)
   (You found it on level 1 of the Dungeon)
 i - an uncursed ring of stealth {Stlth+}
   (You found it on level 1 of the Dungeon)
 k - an uncursed ring of ice {rC+, rF-}
   (You found it on level 1 of the Dungeon)
 o - an uncursed ring of magical power {MP+9}
   (You found it on level 2 of the Lair of Beasts)
 p - an uncursed amulet of magic regeneration
   (You found it on level 2 of the Dungeon)
 t - a +4 ring of slaying (right hand)
   (You found it on level 2 of the Dungeon)
 w - an amulet of the acrobat (around neck)
   (You found it on level 4 of the Dungeon)
 P - an uncursed ring of fire {rF+, rC-}
   (You found it on level 2 of the Lair of Beasts)
Wands
 c - a wand of iceblast (14)
   (You found it on level 13 of the Dungeon)
 h - a wand of flame (25)
   (You took it off Maurice on level 8 of the Dungeon)
 N - a wand of disintegration (9)
   (You found it on level 12 of the Dungeon)
 T - a wand of digging (6)
   (You found it on level 3 of the Lair of Beasts)
Scrolls
 e - 8 scrolls of remove curse
 j - 3 scrolls of immolation {!r}
 l - 8 scrolls of enchant armour
 x - 3 scrolls of blinking {!r}
 C - a scroll of identify
 G - a scroll of magic mapping {!r}
 H - a scroll of fog
 J - 4 scrolls of teleportation
 Q - a scroll of fear
 R - 2 scrolls of enchant weapon
Potions
 q - a potion of berserk rage {!q}
 s - a potion of flight
 v - 3 potions of brilliance
 z - 8 potions of curing
 A - a potion of might
 B - 2 potions of mutation {!q}
 D - 2 potions of cancellation
Miscellaneous
 L - a phial of floods (inert)
   (You found it on level 13 of the Dungeon)
Comestibles
 f - 36 rations


   Skills:
 - Level 15.0 Fighting
 - Level 2.0(9.5) Short Blades
 - Level 13.9(14.0) Long Blades
 - Level 1.7 Throwing
 - Level 6.1 Dodging
 - Level 3.6 Stealth
 + Level 4.7 Shields
 - Level 10.0 Invocations


You had 12 spell levels left.
You didn't know any spells.
Your spell library contained the following spells:

 Spells                   Type           Power        Failure   Level  Hunger
 Animate Skeleton         Necr           N/A          67%         1    ##.....
 Apportation              Tloc           #.....       67%         1    ##.....
 Beastly Appendage        Tmut           #.....       67%         1    ##.....
 Corona                   Hex            #......      67%         1    ##.....
 Magic Dart               Conj           #...         67%         1    ##.....
 Sandblast                Erth           #.....       67%         1    ##.....
 Sting                    Tmut/Pois      #...         67%         1    ##.....
 Summon Small Mammal      Summ           #...         67%         1    ##.....
 Ensorcelled Hibernation  Hex/Ice        #.....       82%         2    ###....
 Passwall                 Tmut/Erth      #.......     82%         2    ###....
 Searing Ray              Conj           #.....       82%         2    ###....
 Confusing Touch          Hex            #.......     96%         3    ####...
 Dazzling Flash           Conj/Hex       #.....       96%         3    ####...
 Stone Arrow              Conj/Erth      #.....       96%         3    ####...
 Tukima's Dance           Hex            #.......     96%         3    ####...
 Fulminant Prism          Conj/Hex       #.........   100%        4    #####..
 Hailstorm                Conj/Ice       #.......     100%        4    #####..
 Iskenderun's Mystic Bla  Conj/Tloc      #.......     100%        4    #####..
 Blade Hands              Tmut           #.........   100%        5    ######.
 Hydra Form               Tmut           #.........   100%        6    #######
 Statue Form              Tmut/Erth      #........    100%        6    #######
 Shatter                  Erth           #.........   100%        9    #######


Dungeon Overview and Level Annotations

Branches:
Dungeon (13/15)            Temple (1/1) D:6            Lair (4/6) D:9
 Shoals (0/4) Lair:2          Orc (0/2) D:11        Gauntlet (1/1)
  Snake: Lair:2-4    Spider: Lair:2-4    Vaults: D:13-14

Altars:
Ashenzari
Cheibriados
Dithmenos
Elyvilon
Fedhas
Gozag
Hepliaklqana
Kikubaaqudgha
Makhleb
Nemelex Xobeh
Okawaru
Qazlal
Ru
Sif Muna
Trog
Uskayaw
Vehumet
Wu Jian
Xom
Yredelemnul
Zin
The Shining One

Shops:
D:11 ?(:![

Annotations:
D:7 Pikel
D:11 exclusion: orange crystal statue
D:12 2 runed translucent doors Gauntlet 6 transporters


Innate Abilities, Weirdness & Mutations

You can breathe bolts of dispelling energy.
Your rich purple scales are hard. (AC +8)
You cannot fit into any form of body armour.
You are cold-blooded and may be slowed by cold attacks.


Message History

You see here 18 stones.
You start resting.
You feel yourself slow down.
You start resting.
Your magical contamination has completely faded away.
You regained 2 hp, and now have 50/126 hp.
You start resting.
You feel like a meek peon again.
You regained 2 hp, and now have 52/126 hp.
You start resting.
Health restored: 126 You see here 18 stones.
There is a transporter here.
Things that are here:
the cursed +0 pair of boots of Origeoxe {Dex+5} a short smoking staff You enter the transporter and appear at another place.
A minotaur comes into view.
It is wielding the +6 flail of the Several Yaks {vorpal, *Slow rN+ Dex+4} and wearing a +1 plate armour of poison resistance.
The minotaur bellows!
The minotaur throws a javelin.
The javelin pierces through you!!
You take 30 damage, and have 96/126 hp.
MASSIVE DAMAGE!!
Aim: a minotaur, wielding the +6 flail of the Several Yaks {vorpal, *Slow rN+ Dex+4}, wearing a +1 plate armour of poison resistance and quivering 11 javelins You create a blast of noxious fumes!
The minotaur throws a javelin.
The javelin misses you.
Aim: a minotaur, wielding the +6 flail of the Several Yaks {vorpal, *Slow rN+ Dex+4}, wearing a +1 plate armour of poison resistance and quivering 10 javelins (noxious fumes)
The bolt of acid hits the minotaur but does no damage.
The minotaur throws a javelin.
The javelin pierces through you!!
You take 20 damage, and have 77/126 hp.
Aim: a minotaur, wielding the +6 flail of the Several Yaks {vorpal, *Slow rN+ Dex+4}, wearing a +1 plate armour of poison resistance and quivering 9 javelins (noxious fumes)
The bolt of acid hits the minotaur!
The minotaur is splashed with acid.
The acid corrodes the minotaur!
The minotaur throws a javelin.
The javelin misses you.
Aim: a minotaur, wielding the +6 flail of the Several Yaks {vorpal, *Slow rN+ Dex+4}, wearing a +1 plate armour of poison resistance and quivering 8 javelins (noxious fumes, moderately wounded, covered in acid)
The bolt of acid hits the minotaur but does no damage.
The now-empty wand crumbles to dust.
The minotaur throws a javelin.
The javelin closely misses you.
No previous command to re-do.
You start resting.
The minotaur is too close now for your liking.
Aim: a minotaur, wielding the +6 flail of the Several Yaks {vorpal, *Slow rN+ Dex+4}, wearing a +1 plate armour of poison resistance and quivering 7 javelins (moderately wounded, covered in acid)
You create a blast of noxious fumes!
The minotaur throws a javelin.
The javelin pierces through you.
You take 6 damage, and have 73/126 hp.
Okay, then.
Aim: a minotaur, wielding the +6 flail of the Several Yaks {vorpal, *Slow rN+ Dex+4}, wearing a +1 plate armour of poison resistance and quivering 6 javelins (noxious fumes, lightly wounded, covered in acid)
The mass of ice explodes!
The iceblast engulfs the minotaur but does no damage.
The minotaur throws a javelin.
The javelin pierces through you!
You take 15 damage, and have 58/126 hp.
That's the wrong kind of item! (Use * to select it.)
Okay, then.
Aim the phial where?
Aim: a minotaur, wielding the +6 flail of the Several Yaks {vorpal, *Slow rN+ Dex+4}, wearing a +1 plate armour of poison resistance and quivering 5 javelins (noxious fumes, lightly wounded, covered in acid)
The torrent of water hits the minotaur!
The wave splashes down.
The minotaur is engulfed in water.
Splash!
You fall into the shallow water.
Moving in this stuff is going to be slow.
The minotaur throws a javelin.
The javelin pierces through you but does no damage.
You hear a splash.
The minotaur is no longer covered in acid.
The minotaur throws a javelin.
The javelin completely misses you.
You hear a splash.
You see here a javelin.
The minotaur throws a javelin.
The javelin completely misses you.
You start resting.
The minotaur is too close now for your liking.
Aim: a minotaur, wielding the +6 flail of the Several Yaks {vorpal, *Slow rN+ Dex+4}, wearing a +1 plate armour of poison resistance and quivering 2 javelins (moderately wounded)
You create a blast of noxious fumes!
The now-empty wand crumbles to dust.
You feel yourself speed up. You block the minotaur's attack.
The minotaur barely misses you.
You fade into invisibility!
The minotaur hits you with the +6 flail of the Several Yaks {vorpal, *Slow rN+ Dex+4}!!
* * * LOW HITPOINT WARNING * * *
x2 The minotaur gores you but does no damage.
You are very lightly contaminated with residual magic.
You take 35 damage, and have 26/126 hp.
MASSIVE DAMAGE!!
Really quaff
q - 2 potions of berserk rage {!q}? [Y]es or [N]o only, please.
Really quaff
q - 2 potions of berserk rage {!q}?
A red film seems to cover your vision as you go berserk!
You feel yourself moving faster!
You feel mighty!
You now have 40/189 hp.
You slash the minotaur!
Really walk into that cloud of noxious fumes? [Y]es or [N]o only, please.
Really walk into that cloud of noxious fumes? [Y]es or [N]o only, please.
Really walk into that cloud of noxious fumes? [Y]es or [N]o only, please.
Really walk into that cloud of noxious fumes?
Okay, then.
There is a transporter landing site here.
You slice the minotaur!! You tail-slap the minotaur!
The minotaur hits you with the +6 flail of the Several Yaks {vorpal, *Slow rN+ Dex+4}!!!
* * * LOW HITPOINT WARNING * * *
You die...

..#########.#######
⌠.#.......#.≈##...#
..#..#.#."#.≈≈#.⌠.####
###..#.#.?#.≈##...##..
.©#..#©#.©#.###.⌠(##.#
⌠.#..#.#..#..##....≈.# #
..#..#.#.)#...#.⌠.##≈##≈#
⌠.#.4.....#.∩.#...##≈H≈.#
..#########...#.@§##≈##.#
⌠.....#.....⌠.#..H§((# H.
..#########...#.©§##.# .#
⌠.#..8#8..#.∩.#(.§##... #
..#...8...#...#.⌠.##.##.#
⌠.#8.8.8..#..##......# #
.©##8^©^8©#.###.⌠.##.#
###8.8.8.(#.≈##...##..
..#...8...#.≈≈#.⌠.####


You could see a minotaur.

Vanquished Creatures
  A hydra (Lair:2)
  2 centaur warriors
  A death knight (D:12)
  4 two-headed ogres
  3 death scarabs (Gauntlet)
  A soul eater (Gauntlet)
  Urug (D:10)
  A spectral death yak (Gauntlet)
  An orc knight (D:12)
  3 ugly things
  Maurice (D:8)
  A merfolk siren (Lair:2)
  Psyche (D:9)
  3 gargoyles (D:12)
  6 spiny frogs
  Maggie (D:9)
  An efreet (D:13)
  4 komodo dragons
  A queen bee (Lair:1)
  3 trolls
  Prince Ribbit (D:9)
  13 slime creatures
  7 hippogriffs
  A spriggan (D:7)
  A shadow (D:12)
  4 wraiths
  29 yaks
  A wyvern (Lair:3)
  A spectral komodo dragon (Gauntlet)
  3 hungry ghosts
  A vampire mosquito (D:9)
  2 basilisks
  A spectral spiny frog (Gauntlet)
  Menkaure (D:7)
  5 water moccasins
  2 insubstantial wisps (D:9)
  2 porcupines
  2 acid dragons
  A slave (D:7)
  A hornet zombie (D:9)
  An orc warrior (D:10)
  7 phantoms
  7 ogres
  An eye of draining (D:12)
  4 ice beasts
  2 sky beasts
  A necrophage (D:10)
  3 centaurs
  6 wolves (Lair:2)
  4 crocodiles
  3 big kobolds
  A big kobold (shapeshifter) (D:12)
  15 bullfrogs
  A gnoll sergeant (D:9)
  A wyvern zombie (D:10)
  3 scorpions
  30 killer bees
  A howler monkey (D:9)
  11 wights
  7 crimson imps
  3 bullfrog zombies
  2 human zombies (D:8)
  7 orc priests
  3 hounds
  A jelly (D:12)
  2 bullfrog skeletons
  2 centaur zombies
  13 orc wizards
  3 centaur skeletons
  A gnoll shaman (D:4)
  8 iguanas
  16 worker ants
  A human skeleton (D:8)
  An ogre skeleton (D:8)
  A hound skeleton (D:4)
  2 mummies (D:8)
  9 gnolls
  21 adders
  3 shadow imps
  An ooze (D:2)
  An adder skeleton (D:6)
  A worm (D:5)
  3 dart slugs
  A leopard gecko (D:4)
  39 orcs
  3 ball pythons (D:1)
  5 bats
  3 giant cockroaches
  3 goblins
  4 hobgoblins
  23 jackals
  5 quokkas
  5 frilled lizards
  23 kobolds
  A leopard gecko zombie (D:6)
  An orc zombie (D:8)
  9 rats
  A plant (D:10)
459 creatures vanquished.

Vanquished Creatures (collateral kills)
  A killer bee (Lair:1)
1 creature vanquished.

Vanquished Creatures (others)
  A killer bee (Lair:1)
  A leopard gecko (D:9)
  A plant (Gauntlet)
3 creatures vanquished.

Grand Total: 463 creatures vanquished

Notes
Turn   | Place    | Note
-------+----------+-------------------------------------------
     0 | D:1      | moonlapse the Draconian Assassin began the quest for the
                  | Orb.
     0 | D:1      | Reached XP level 1. HP: 17/17 MP: 1/1
   211 | D:1      | Reached skill level 3 in Fighting
   230 | D:1      | Reached XP level 2. HP: 26/26 MP: 2/2
   512 | D:1      | Reached XP level 3. HP: 33/33 MP: 3/3
   576 | D:1      | Reached skill level 4 in Fighting
   933 | D:2      | Found a blossoming altar of Fedhas.
  1711 | D:2      | Reached XP level 4. HP: 41/41 MP: 4/4
  1946 | D:3      | Reached skill level 1 in Long Blades
  2069 | D:3      | You fall into a shaft and drop 1 floor!
  2244 | D:3      | Reached skill level 2 in Long Blades
  2263 | D:3      | HP: 14/61 [jackal (2)]
  2269 | D:3      | HP: 13/61 [poisoned by an adder]
  2276 | D:3      | HP: 11/61 [poisoned by an adder]
  2806 | D:3      | Noticed a phantom
  2824 | D:3      | Killed a phantom
  2824 | D:3      | Reached skill level 4 in Long Blades
  2824 | D:3      | Reached XP level 5. HP: 20/47 MP: 5/5
  3071 | D:3      | Found a burning altar of Makhleb.
  3071 | D:3      | Found a shimmering altar of Xom.
  3126 | D:3      | Found a stormy altar of Qazlal.
  3126 | D:3      | Found a snail-covered altar of Cheibriados.
  3436 | D:3      | Reached XP level 6. HP: 53/53 MP: 6/6
  3660 | D:4      | Reached skill level 5 in Long Blades
  3854 | D:4      | Found an ornate altar of the Wu Jian Council.
  4062 | D:4      | Reached skill level 6 in Long Blades
  4066 | D:4      | Your scales start taking on a rich purple colour.
  4066 | D:4      | Reached XP level 7. HP: 58/60 MP: 7/7
  4516 | D:4      | Found a sparkling altar of Nemelex Xobeh.
  4541 | D:4      | Reached skill level 7 in Long Blades
  4774 | D:5      | Entered Level 5 of the Dungeon
  4844 | D:5      | Reached skill level 8 in Long Blades
  5139 | D:4      | Reached XP level 8. HP: 60/67 MP: 8/8
  5291 | D:5      | Reached skill level 9 in Long Blades
  5395 | D:5      | Found a hide-covered altar of Uskayaw.
  5736 | D:6      | Found a staircase to the Ecumenical Temple.
  5749 | Temple   | Entered the Ecumenical Temple
  6102 | Temple   | Became a worshipper of Warmaster Okawaru
  6128 | D:6      | Identified the Incunabulum of Mutagenic Earth
  6285 | D:6      | Reached skill level 10 in Long Blades
  7360 | D:7      | Reached * piety under Okawaru
  7360 | D:7      | Reached XP level 9. HP: 72/72 MP: 9/9
  7400 | D:7      | Found a radiant altar of Vehumet.
  7413 | D:7      | Noticed Menkaure
  7420 | D:7      | Killed Menkaure
  7420 | D:7      | Reached skill level 11 in Long Blades
  8064 | D:7      | Reached skill level 12 in Long Blades
  8285 | D:7      | Noticed Pikel
  8366 | D:7      | Found a bloodstained altar of Trog.
  8374 | D:7      | Found a glowing golden altar of the Shining One.
  8480 | D:7      | Found a glowing silver altar of Zin.
  8521 | D:7      | Found a hazy altar of Hepliaklqana.
  9023 | D:8      | Reached ** piety under Okawaru
  9165 | D:8      | Reached skill level 13 in Long Blades
  9498 | D:8      | Noticed Maurice
  9508 | D:8      | Killed Maurice
  9508 | D:8      | Reached *** piety under Okawaru
  9508 | D:8      | Reached XP level 10. HP: 80/80 MP: 10/10
 10117 | D:8      | Found an ancient bone altar of Kikubaaqudgha.
 10417 | D:9      | Noticed Maggie
 10421 | D:9      | Noticed Prince Ribbit
 10426 | D:9      | Noticed a two-headed ogre
 10510 | D:9      | Reached skill level 1 in Dodging
 10557 | D:9      | Killed Prince Ribbit
 10557 | D:9      | Reached skill level 5 in Fighting
 10650 | D:9      | Noticed a two-headed ogre
 10658 | D:9      | Killed a two-headed ogre
 10658 | D:9      | Reached **** piety under Okawaru
 10658 | D:9      | Reached skill level 6 in Fighting
 10658 | D:9      | Reached skill level 3 in Dodging
 10826 | D:9      | Killed a two-headed ogre
 10826 | D:9      | Reached skill level 4 in Dodging
 10867 | D:9      | Reached skill level 7 in Fighting
 10868 | D:9      | HP: 12/86 [cloud of flame (25)]
 10875 | D:9      | Killed Maggie
 11212 | D:9      | Noticed Psyche
 11225 | D:9      | Killed Psyche
 11376 | D:9      | Found a staircase to the Lair.
 11575 | D:10     | Entered Level 10 of the Dungeon
 11638 | D:10     | Reached ***** piety under Okawaru
 11706 | D:10     | Reached skill level 5 in Dodging
 11810 | D:9      | Reached XP level 11. HP: 71/94 MP: 11/11
 12040 | D:10     | Reached skill level 8 in Fighting
 12473 | D:10     | Noticed Urug
 12519 | D:10     | Killed Urug
 12519 | D:10     | Received a gift from Okawaru
 12775 | D:10     | Found a snail-covered altar of Cheibriados.
 12823 | D:10     | Reached skill level 6 in Dodging
 13223 | D:11     | Found Xapacsam's Distillery.
 13239 | D:11     | Bought a potion of haste for 110 gold pieces
 13239 | D:11     | Bought a potion of curing for 33 gold pieces
 13239 | D:11     | Bought a potion of haste for 110 gold pieces
 13239 | D:11     | Bought 2 potions of curing for 66 gold pieces
 13239 | D:11     | Bought a potion of heal wounds for 55 gold pieces
 13239 | D:11     | Bought a potion of heal wounds for 55 gold pieces
 13239 | D:11     | Bought a potion of curing for 33 gold pieces
 13239 | D:11     | Bought a potion of cancellation for 88 gold pieces
 13239 | D:11     | Bought a potion of might for 44 gold pieces
 13343 | D:11     | Reached skill level 9 in Fighting
 13343 | D:11     | Reached skill level 1 in Invocations
 13389 | D:11     | Found Rakesmei's Armour Shoppe.
 13416 | D:11     | Noticed an orange crystal statue
 13528 | D:11     | Reached skill level 2 in Invocations
 13652 | D:11     | Found Macof's Magic Scroll Boutique.
 13659 | D:11     | Found Wugi's Antique Weapon Boutique.
 13686 | D:11     | Found Ziloi's Book Boutique.
 13737 | D:11     | Found a staircase to the Orcish Mines.
 13759 | D:11     | Noticed a red ugly thing
 13768 | D:11     | Killed a red ugly thing
 13768 | D:11     | Reached skill level 3 in Invocations
 14040 | D:11     | Received a gift from Okawaru
 14040 | D:11     | Reached skill level 4 in Invocations
 14158 | D:12     | Noticed a two-headed ogre
 14168 | D:12     | Killed a two-headed ogre
 14168 | D:12     | Reached skill level 10 in Fighting
 14343 | D:12     | Reached skill level 5 in Invocations
 14552 | D:12     | Received a gift from Okawaru
 14575 | D:12     | Got a pair of warped boots {god gift}
 14576 | D:12     | Identified the +0 pair of boots of Okawaru's Pride {rCorr
                  | Str+5 Dex+4} (Okawaru gifted it to you on level 12 of the
                  | Dungeon)
 14816 | D:12     | Noticed a death knight
 14819 | D:12     | Reached skill level 6 in Invocations
 14834 | D:12     | Killed a death knight
 14834 | D:12     | HP: 24/101 [mirror damage (10)]
 15158 | D:12     | Noticed a two-headed ogre
 15167 | D:12     | Killed a two-headed ogre
 15167 | D:12     | Reached skill level 11 in Fighting
 15167 | D:12     | Reached XP level 12. HP: 100/110 MP: 15/17
 15311 | D:12     | Found a large runed translucent door.
 15311 | D:12     | Found a large runed translucent door.
 15353 | D:12     | Reached skill level 7 in Invocations
 15391 | D:12     | Found a large runed translucent door.
 15391 | D:12     | Found a large runed translucent door.
 15425 | D:12     | Identified the Almanac of Destructive Transformation
 15469 | D:12     | Reached ****** piety under Okawaru
 15680 | D:12     | Got a shimmering scimitar
 15751 | D:11     | Bought 3 scrolls of remove curse for 117 gold pieces
 15751 | D:11     | Bought a scroll of identify for 26 gold pieces
 15751 | D:11     | Bought a scroll of identify for 26 gold pieces
 15751 | D:11     | Bought a scroll of teleportation for 39 gold pieces
 15751 | D:11     | Identified the +4 scimitar of the Doomed Warrior
                  | {antimagic, rF- rC+ rN+++ MP+9} (You found it on level 12
                  | of the Dungeon)
 15977 | D:13     | Reached skill level 8 in Invocations
 16021 | D:13     | Received a gift from Okawaru
 16021 | D:13     | Reached skill level 12 in Fighting
 16265 | D:13     | Noticed a centaur warrior
 16284 | D:13     | Killed a centaur warrior
 16398 | D:13     | Reached skill level 9 in Invocations
 16766 | D:13     | Noticed a centaur warrior
 17220 | D:12     | Killed a centaur warrior
 17220 | D:12     | Reached skill level 13 in Fighting
 17220 | D:12     | Reached skill level 10 in Invocations
 17228 | D:12     | HP: 23/115 [slime creature (16)]
 18084 | Lair:1   | Entered Level 1 of the Lair of Beasts
 18493 | Lair:1   | Reached XP level 13. HP: 122/122 MP: 9/20
 19254 | Lair:1   | Received a gift from Okawaru
 19327 | Lair:2   | Reached skill level 14 in Fighting
 20044 | Lair:2   | Found a staircase to the Shoals.
 20868 | Lair:3   | Reached skill level 15 in Fighting
 21199 | Lair:4   | Found a gate leading to a gauntlet.
 21200 | Lair:4   | Reached skill level 1 in Shields
 21256 | Gauntlet | Entered a Gauntlet
 21256 | Gauntlet | Found a transporter.
 21256 | Gauntlet | Found a transporter.
 21275 | Gauntlet | Found a transporter.
 21278 | Gauntlet | Found a transporter.
 21290 | Gauntlet | Found a transporter.
 21298 | Gauntlet | Noticed a blizzard demon
 21301 | Gauntlet | Found a transporter.
 21314 | Gauntlet | Found a transporter.
 21328 | Gauntlet | Found a transporter.
 21332 | Gauntlet | Found a transporter.
 21340 | Gauntlet | Found a transporter.
 21344 | Gauntlet | Found a transporter.
 21404 | Gauntlet | HP: 19/126 [death scarab (19)]
 21409 | Gauntlet | Reached skill level 2 in Shields
 21573 | Gauntlet | Found a transporter.
 21602 | Gauntlet | Reached skill level 3 in Shields
 21808 | Gauntlet | Received a gift from Okawaru
 21808 | Gauntlet | Reached skill level 4 in Shields
 21828 | Gauntlet | Got a pair of fading boots
 21831 | Gauntlet | Identified the cursed +0 pair of boots of Origeoxe {Dex+5}
                  | (You found it in a Gauntlet)
 22104 | Gauntlet | Identified the +6 flail of the Several Yaks {vorpal, *Slow
                  | rN+ Dex+4}
 22104 | Gauntlet | Noticed a minotaur
 22123 | Gauntlet | HP: 26/126 [minotaur/the +6 flail of the Several Yaks
                  | {vorpal, *Slow rN+ Dex+4} (9)]
 22127 | Gauntlet | HP: 1/189 [minotaur/the +6 flail of the Several Yaks
                  | {vorpal, *Slow rN+ Dex+4} (40)]
 22127 | Gauntlet | Mangled by a minotaur

Illustrated notes

Levels and vault maps discovered:
D:1:      minmay_arrival_pointy, layout_basic
D:2:      layout_loops_corners, fedhas_altar_1, serial_forest,
          infiniplex_forest_lined_room_2, infiniplex_forest_clump_small,
          infiniplex_forest_end_3, infiniplex_forest_clump_curved,
          infiniplex_forest_3_way, infiniplex_forest_straight_3
D:3:      layout_loops_cross, grunt_temple_overflow_champion_of_chaos,
          amethyst_overflow_temple_binary, first_ration
D:4:      layout_loops_corners, kennysheep_mini_moat,
          nemelex_xobeh_ov_fountains_minmay, minmay_pentomino_pile
D:5:      layout_rooms, nicolae_overflow_hidden_temple
D:6:      layout_basic, minmay_temple_entry_offerings
D:7:      layout_basic, old_standard_altar, grunt_temple_overflow_cloverleaf,
          the_bakery, chequers_arboretum, uniq_menkaure, uniq_pikel
D:8:      layout_loops_ring, lemuel_mausoleum_altar_kikubaaqudgha, uniq_maurice
D:9:      layout_rooms, lair_entry_dummy, uniq_psyche, uniq_prince_ribbit1,
          uniq_maggie
D:10:     minmay_angry_zag, layout_grid_maze, basic_altar, pond, uniq_urug
D:11:     layout_basic, orc_0_dummy, serial_shops, nicolae_shop_trees, shop,
          nicolae_shop_trees, nicolae_shop_competitors_out_of_business,
          shop_coins, minivault_16
D:12:     layout_roguey, minmay_hollow_rounded_squares
D:13:     layout_loops_ring
Temple:   compressed_dpeg_triangle_lava_temple
Lair:1:   layout_small_grid, special_room [special_room_bee], wad_woods_road_05
Lair:2:   layout_chaotic_city, minmay_shoals_entry_lonely_mermaid
Lair:3:   layout_chaotic_city, grunt_megastairs_2, infiniplex_staircase_pool
Lair:4:   layout_misc_corridors, spider_nest_entry_rubble,
          gauntlet_entry_generic, pf_torpor_hydra, lemuel_fruit_tree,
          minmay_lair_oklob_chamber, grunt_megastairs_1
Gauntlet: minmay_gauntlet_77_indecision [minmay_gauntlet_arena_77_museum,
          minmay_gauntlet_arena_77_mess, minmay_gauntlet_arena_77_fan,
          minmay_gauntlet_arena_77_radiant_squares,
          minmay_gauntlet_arena_77_terracotta_army,
          minmay_gauntlet_arena_77_chump_sandwich, gauntlet_exit_watery]

Skill      XL: |  1  2  3  4  5  6  7  8  9 10 11 12 13 |
---------------+----------------------------------------+-----
Fighting       | 3 4 7 11 13 15 | 15.0
Long Blades    | 4 6 8 10 13 | 13.9
Dodging        | 5 6 |  6.1
Invocations    | 6 10 | 10.0
Shields        | 4 |  4.7
Short Blades   | |  2.0
Throwing       | |  1.7
Stealth        | |  3.6

Action                   |  1- 3 |  4- 6 |  7- 9 | 10-12 | 13-15 || total
-------------------------+-------+-------+-------+-------+-------++-------
Melee: Dagger            |    72 |       |       |       |       ||    72
       Tailslap          |     9 |    11 |    47 |   127 |    36 ||   230
       Long sword        |     2 |   120 |   372 |   242 |       ||   736
       Scimitar          |       |       |       |   431 |   146 ||   577
       Punch             |       |       |       |     1 |       ||     1
Throw: Dart              |    81 |     7 |    14 |    20 |       ||   122
       Boomerang         |       |     4 |     3 |   213 |     4 ||   224
       Throwing net      |       |       |     2 |     4 |       ||     6
       Javelin           |       |       |       |    16 |    65 ||    81
Invok: Heroism           |       |       |       |     2 |     1 ||     3
 Abil: Breathe Dispellin |       |       |     9 |    21 |       ||    30
Evoke: Wand              |       |       |       |    22 |     8 ||    30
       Phial of floods   |       |       |       |       |     1 ||     1
  Use: Potion            |       |     2 |       |     6 |     9 ||    17
       Scroll            |       |       |    16 |    15 |     9 ||    40
 Stab: Sleeping          |     1 |    12 |    16 |     1 |       ||    30
       Held in net/web   |       |       |     3 |     3 |       ||     6
       Confused          |       |       |       |       |     1 ||     1
  Eat: Chunk             |     2 |     8 |    19 |    25 |     5 ||    59
       Ration            |       |       |     2 |     3 |     2 ||     7
Armor: Skin              |    28 |    68 |   119 |   171 |    33 ||   419
Dodge: Dodged            |    46 |    87 |   169 |   359 |   140 ||   801
Block: Tower shield      |       |       |       |       |    23 ||    23
       Kite shield       |       |       |       |       |    16 ||    16
       Rpst.: Long sword |     1 |    31 |    51 |    39 |       ||   122
       Scimitar          |       |       |       |    49 |    51 ||   100

Levels and vault maps discovered:
D:1:      minmay_arrival_pointy, layout_basic
D:2:      layout_loops_corners, fedhas_altar_1, serial_forest,
          infiniplex_forest_lined_room_2, infiniplex_forest_clump_small,
          infiniplex_forest_end_3, infiniplex_forest_clump_curved,
          infiniplex_forest_3_way, infiniplex_forest_straight_3
D:3:      layout_loops_cross, grunt_temple_overflow_champion_of_chaos,
          amethyst_overflow_temple_binary, first_ration
D:4:      layout_loops_corners, kennysheep_mini_moat,
          nemelex_xobeh_ov_fountains_minmay, minmay_pentomino_pile
D:5:      layout_rooms, nicolae_overflow_hidden_temple
D:6:      layout_basic, minmay_temple_entry_offerings
D:7:      layout_basic, old_standard_altar, grunt_temple_overflow_cloverleaf,
          the_bakery, chequers_arboretum, uniq_menkaure, uniq_pikel
D:8:      layout_loops_ring, lemuel_mausoleum_altar_kikubaaqudgha, uniq_maurice
D:9:      layout_rooms, lair_entry_dummy, uniq_psyche, uniq_prince_ribbit1,
          uniq_maggie
D:10:     minmay_angry_zag, layout_grid_maze, basic_altar, pond, uniq_urug
D:11:     layout_basic, orc_0_dummy, serial_shops, nicolae_shop_trees, shop,
          nicolae_shop_trees, nicolae_shop_competitors_out_of_business,
          shop_coins, minivault_16
D:12:     layout_roguey, minmay_hollow_rounded_squares
D:13:     layout_loops_ring
Temple:   compressed_dpeg_triangle_lava_temple
Lair:1:   layout_small_grid, special_room [special_room_bee], wad_woods_road_05
Lair:2:   layout_chaotic_city, minmay_shoals_entry_lonely_mermaid
Lair:3:   layout_chaotic_city, grunt_megastairs_2, infiniplex_staircase_pool
Lair:4:   layout_misc_corridors, spider_nest_entry_rubble,
          gauntlet_entry_generic, pf_torpor_hydra, lemuel_fruit_tree,
          minmay_lair_oklob_chamber, grunt_megastairs_1
Gauntlet: minmay_gauntlet_77_indecision [minmay_gauntlet_arena_77_museum,
          minmay_gauntlet_arena_77_mess, minmay_gauntlet_arena_77_fan,
          minmay_gauntlet_arena_77_radiant_squares,
          minmay_gauntlet_arena_77_terracotta_army,
          minmay_gauntlet_arena_77_chump_sandwich, gauntlet_exit_watery]

Table legend:
 A = Turns spent in this place as a percentage of turns spent in the entire game.
 B = Non-inter-level travel turns spent in this place as a percentage of non-inter-level travel turns spent in the entire game.
 C = Inter-level travel turns spent in this place as a percentage of turns spent in this place.
 D = Turns resting spent in this place as a percentage of non-inter-level travel turns spent in this place.
 E = Turns spent auto-exploring this place as a percentage of non-inter-level travel turns spent in this place.
 F = Non-inter-level travel turns spent in this place divided by the number of levels of this place that you've seen.
                   A       B       C       D       E      F
               +-------+-------+-------+-------+-------+----------------------
         Total | 100.0 | 100.0 |   2.7 |  26.4 |  54.4 | 1133.5
       Dungeon |  80.0 |  80.0 |   2.7 |  27.0 |  52.5 | 1325.7
        Temple |   1.7 |   1.6 |   9.9 |   0.0 |  94.6 | 335.0
          Lair |  14.3 |  14.4 |   2.4 |  15.6 |  71.7 | 774.0
      Gauntlet |   3.9 |   4.0 |   0.0 |  63.1 |  14.7 | 871.0
               +-------+-------+-------+-------+-------+----------------------

Table legend:
 A = Kills in this place as a percentage of kills in entire the game.
 B = Kills by you in this place as a percentage of kills by you in the entire game.
 C = Kills by friends in this place as a percentage of kills by friends in the entire game.
 D = Other kills in this place as a percentage of other kills in the entire game.
 E = Experience gained in this place as a percentage of experience gained in the entire game.
 F = Experience gained in this place divided by the number of levels of this place that you have seen.
                   A       B       C       D       E      F
               +-------+-------+-------+-------+-------+----------------------
         Total | 100.0 | 100.0 | 100.0 | 100.0 | 100.0 | 2748.3
       Dungeon |  83.0 |  83.7 |   0.0 |   0.0 |  69.2 | 2780.4
        Temple |   0.2 |   0.2 |   0.0 |   0.0 |   0.2 |  88.0
          Lair |  14.8 |  14.1 | 100.0 | 100.0 |  21.8 | 2849.5
      Gauntlet |   2.0 |   2.0 |   0.0 |   0.0 |   8.8 | 4587.0
               +-------+-------+-------+-------+-------+----------------------
